 Dungeon Crawl Stone Soup version 0.27-a0-1217-g8a41f320e8 (webtiles) character file.

Game seed: 4103734390588302134

34 polve the Skirmisher (level 3, 0/29 HPs)
             Began as a Demonspawn Abyssal Knight on June 5, 2021.
             Was a Follower of Lugonu.
             Shot with a stone by a goblin (2 damage)
             ... led by Robin
             ... on level 2 of the Dungeon.
             The game lasted 00:01:39 (1837 turns).

polve the Skirmisher (Demonspawn Abyssal Knight)    Turns: 1837, Time: 00:01:40

Health: 0/29       AC:  5    Str: 13    XL:     3   Next: 14%
Magic:  4/4        EV: 10    Int: 13    God:    Lugonu [*.....]
Gold:   59         SH:  0    Dex: 12    Spells: 2/2 levels left

rFire    . . .     SeeInvis .   a - +1 short sword
rCold    . . .     Faith    .   (no shield)
rNeg     . . .     Spirit   .   c - +0 ring mail
rPois    .         Reflect  .   (no helmet)
rElec    .         Harm     .   (no cloak)
rCorr    .         Rampage  .   (no gloves)
Will     .....                  (no boots)
Stlth    +.........             (no amulet)
HPRegen  0.09/turn              (no ring)
MPRegen  0.09/turn              (no ring)

@: no status effects
A: claws 1
a: Renounce Religion, Depart the Abyss


You were on level 2 of the Dungeon.
You worshipped Lugonu.
Lugonu was aware of your devotion.
You visited 1 branch of the dungeon, and saw 2 of its levels.
You visited the Abyss 1 time.

You collected 59 gold pieces.

Inventory:

Hand Weapons
 a - a +1 short sword (weapon)
Armour
 b - a +0 leather armour
 c - a +0 ring mail (worn)
Scrolls
 g - a scroll of fear {unknown}
 h - a scroll of identify {unknown}
Potions
 d - a potion of lignification
 e - 2 potions of berserk rage {unknown}
 f - a potion of degeneration {unknown}
 i - a potion of attraction {unknown}


   Skills:
 - Level 3.0 Fighting
 - Level 2.5 Short Blades
 - Level 1.7 Armour
 - Level 0.8 Dodging
 + Level 1.8 Unarmed Combat
 - Level 2.4 Invocations


You had 2 spell levels left.
You didn't know any spells.
Your spell library was empty.

Dungeon Overview and Level Annotations

Branches:
Dungeon (2/15)

Altars:

Annotations:
D:2 Robin


Innate Abilities, Weirdness & Mutations

You have sharp fingernails.


Message History

Robin roars a battlecry!
The goblins go into a battle-frenzy!
You see here a +0 dagger.
The jackal bites you but does no damage.
Robin throws the goblin at you!
The goblin unwields a +0 hunting sling of freezing.
The goblin wields a +0 club.
The goblin barely misses you.
The jackal bites you but does no damage.
The goblin completely misses you. The jackal bites you.
The goblin hits you with a +0 club.
The jackal bites you but does no damage. x2
The jackal bites you but does no damage.
You closely miss the jackal. The jackal bites you.
You hit the jackal but do no damage.
The jackal bites you but does no damage.
The jackal barely misses you.
You hit the jackal.
The jackal is almost dead.
The hobgoblin no longer looks unusually strong.
The jackal pauses to sniff the ground.
The jackal bites you.
You hit the jackal.
You kill the jackal!
Lugonu accepts your kill.
The goblin unwields a +0 club.
The goblin wields a +0 hunting sling of freezing.
It is covered in frost.
The goblin shoots a stone.
The stone hits you. The stone freezes you.
You swing at nothing.
The goblin shoots a stone.
The stone hits you. The stone freezes you.
You swing at nothing.
The goblin shoots a stone.
The stone closely misses you.
You swing at nothing.
The hobgoblin no longer looks unusually strong.
You swing at nothing.
The goblin shoots a stone.
The stone hits you. The stone freezes you.
* * * LOW HITPOINT WARNING * * *
You swing at nothing.
The goblin shoots a stone.
The stone hits you.
* * * LOW HITPOINT WARNING * * *
The stone freezes you.
You die...

### #@#
########
#†#
.......#
####g##
########
#..ghg#
#########
#...g.#
#.......#
#.....#
#.......#
#.....#
###.......#
#.....#
..#.......#
#.....#


You could see Robin, a jackal, 2 hobgoblins and a goblin (strong).

Vanquished Creatures
  2 ball pythons
  4 bats
  An endoplasm (D:1)
  A giant cockroach (D:2)
  8 goblins
  4 hobgoblins (D:1)
  A jackal (D:2)
  2 quokkas (D:1)
  3 frilled lizards (D:1)
  A kobold (D:1)
  A rat (D:1)
28 creatures vanquished.

Notes
Turn   | Place    | Note
-------+----------+-------------------------------------------
     0 | Abyss:1  | polve the Demonspawn Abyssal Knight began the quest for the
                  | Orb.
     0 | Abyss:1  | Reached XP level 1. HP: 18/18 MP: 2/2
    84 | Abyss:1  | Found a corrupted altar of Lugonu.
   122 | Abyss:1  | Noticed a ynoxinul
   134 | Abyss:2  | Found a corrupted altar of Lugonu.
   141 | Abyss:2  | Noticed an efreet
   143 | D:1      | Escaped the Abyss
   496 | D:1      | Found a faded altar of an unknown god.
   509 | D:1      | Reached * piety under Lugonu
   510 | D:1      | Gained mutation: You have sharp fingernails. [demonic
                  | ancestry]
   510 | D:1      | Reached XP level 2. HP: 24/24 MP: 3/3
   831 | D:1      | Reached skill level 1 in Unarmed Combat
  1246 | D:2      | Noticed Robin
  1618 | D:2      | Reached XP level 3. HP: 15/29 MP: 4/4
  1837 | D:2      | Shot with a stone by a goblin

Illustrated notes

Levels and vault maps discovered:
D:1:      lemuel_arrival_river_bridge, layout_loops_ring,
          ebering_ecumenical_altar_sacrificial
D:2:      layout_basic, nicolae_underground_beach, uniq_robin

Skill      XL: |  1  2 |
---------------+-------+-----
Short Blades   | 2 |  2.5
Unarmed Combat | 1 |  1.8
Fighting       | |  3.0
Armour         | |  1.7
Dodging        | |  0.8
Invocations    | |  2.4

Action                   || total
-------------------------++-------
Melee: Short sword       ||    73
Invok: Depart the Abyss  ||     1
  Use: Potion            ||     1
Armor: Ring mail         ||    43
Dodge: Dodged            ||    69

Table legend: (Time is in decaauts)
 A = Elapsed time spent in this place.
 B = Non-inter-level travel time spent in this place.
 C = Inter-level travel time spent in this place.
 D = Time resting spent in this place.
 E = Time spent auto-exploring this place.
 F = Levels seen in this place.
 G = Mean time per level.
                   A        B        C        D        E       F      G
               +--------+--------+--------+--------+--------+-----+--------+
         Total |   1839 |   1799 |     40 |     49 |   1519 |   4 |  459.8 |
       Dungeon |   1696 |   1656 |     40 |     49 |   1407 |   2 |  848.0 |
         Abyss |    142 |    142 |      0 |      0 |    112 |   2 |   71.0 |
               +--------+--------+--------+--------+--------+-----+--------+

Top non-repeatable levels by time:
     D:1: 1490 daAuts
     D:2: 205 daAuts
 Abyss:1: 128 daAuts
 Abyss:2: 14 daAuts
